 Dungeon Crawl Stone Soup version 0.30-b1-2-g02819fbbbe (webtiles) character file.

Game seed: 16272193502244637991

75191 Gartch the Bludgeoner (level 15, -5/139 HPs)
             Began as a Minotaur Berserker on Dec 11, 2023.
             Was a High Priest of Trog.
             Slain by a merfolk
             ... wielding a +1 trident of venom
             ... led by a merfolk impaler
              (11 damage)
             ... on level 1 of the Shoals on Dec 12, 2023.
             The game lasted 02:41:45 (26346 turns).

Gartch the Bludgeoner (Minotaur Berserker)         Turns: 26346, Time: 02:41:45

Health: -5/139     AC: 16    Str: 31    XL:     15   Next: 9%
Magic:  14/14      EV: 16    Int:  7    God:    Trog [*****.]
Gold:   1989       SH:  8    Dex: 12    Spells: 14/14 levels left

rFire   + . .        r - +6 flail "Concordance" {drain, rN+}
rCold   + + .        H - +0 buckler
rNeg    + . .        F - +2 ring mail {Will+}
rPois   .            I - +1 hat
rElec   .            l - scarf {rC+ rF+}
rCorr   .            y - +1 pair of gloves
SInv    .            Z - +1 pair of boots {rampage}
Will    ++...        w - amulet of reflection
Stlth   +            a - ring "Qocvut" {Wiz Str+2 Int+3 Dex+2 Slay+5}
HPRegen 0.43/turn    f - ring of protection from cold
MPRegen 0.14/turn

%: reflection, rampage, wizardry (x1)
@: engulfed (cannot breathe)
A: horns 2, retaliatory headbutt
a: Renounce Religion, Berserk, Trog's Hand, Brothers in Arms


You were on level 1 of the Shoals.
You worshipped Trog.
Trog was extremely pleased with you.
You visited 4 branches of the dungeon, and saw 19 of its levels.
You also visited: Ice Cave and Volcano.

You collected 2231 gold pieces.
You spent 242 gold pieces at shops.

Inventory:

Hand Weapons
 r - the +6 flail "Concordance" (weapon) {drain, rN+}
   (You found it on level 2 of the Dungeon)

   rN:        It protects you from negative energy.
 s - a +1 hand axe of flaming
 K - a +0 arbalest
 Q - a +0 glaive of flaming
Missiles
 i - 2 throwing nets
Armour
 c - the +0 leather armour of Koemifiq {Rampage +Inv rElec rC+}
   (You took it off an orc on level 11 of the Dungeon)

   rC:        It protects you from cold.
   rElec:     It insulates you from electricity.
   +Inv:      It lets you turn invisible.
   Rampage:   It bestows one free step when moving towards enemies.
 l - a scarf of resistance (worn)
 x - a +0 chain mail
 y - a +1 pair of gloves (worn)
 F - a +2 ring mail of willpower (worn)
 H - a +0 buckler (worn)
 I - a +1 hat (worn)
 Z - a +1 pair of boots of rampaging (worn)
Jewellery
 a - the ring "Qocvut" (left hand) {Wiz Str+2 Int+3 Dex+2 Slay+5}
   (You found it on level 1 of the Lair of Beasts)

   [ring of wizardry]

   It improves your spell success rate.
   Str:       It affects your strength (+2).
   Int:       It affects your intelligence (+3).
   Dex:       It affects your dexterity (+2).
   Slay:      It affects your accuracy & damage with ranged weapons and melee
   (+5).
 f - a ring of protection from cold (right hand)
 w - an amulet of reflection (around neck)
 C - the ring "Tys Meul" {*Corrode rPois Will+ Str+4 Int+3}
   (You found it in an ice cave)

   [ring of willpower]

   Str:       It affects your strength (+4).
   Int:       It affects your intelligence (+3).
   rPois:     It protects you from poison.
   *Corrode:  It may corrode you when you take damage.
   Will:      It increases your willpower.
Wands
 B - a wand of flame (19)
 G - a wand of digging (14)
 J - a wand of iceblast (11)
 L - a wand of paralysis (9)
 M - a wand of quicksilver (7)
Scrolls
 b - a scroll of enchant armour
 e - 2 scrolls of enchant weapon
 j - 4 scrolls of magic mapping
 k - 2 scrolls of silence
 q - a scroll of brand weapon {unknown}
 u - 12 scrolls of teleportation
 A - a scroll of summoning {unknown}
 O - 3 scrolls of poison
 P - 2 scrolls of torment {unknown}
 S - a scroll of fear
 U - 2 scrolls of fog {unknown}
 X - a scroll of blinking {unknown}
Potions
 d - 4 potions of attraction
 g - 4 potions of ambrosia
 h - 4 potions of curing
 m - 3 potions of degeneration {unknown}
 n - 6 potions of flight
 p - 2 potions of lignification {unknown}
 t - 2 potions of mutation {unknown}
 v - 3 potions of haste {unknown}
 z - 3 potions of invisibility {unknown}
 D - 3 potions of berserk rage {unknown}
 E - 3 potions of cancellation {unknown}
 V - a potion of resistance {unknown}
 W - a potion of brilliance {unknown}
 Y - 2 potions of might {unknown}
Miscellaneous
 N - a phantom mirror


   Skills:
 + Level 14.3 Fighting
 - Level 5.6(13.2) Axes
 + Level 18.4(18.7) Maces & Flails
 + Level 13.9 Armour
 + Level 13.1 Dodging
 + Level 8.2 Evocations


You had 14 spell levels left.
You didn't know any spells.
Your spell library was empty.

Dungeon Overview and Level Annotations

Branches:
Dungeon (11/15)            Temple (0/1) D:7            Lair (5/5) D:8
 Shoals (1/4) Lair:2       Spider (0/4) Lair:2        Slime (0/5) Lair:4
    Orc (2/2) D:11            Elf (0/3) Orc:2         IceCv (visited)
Volcano (visited)

Altars:
Cheibriados
Elyvilon
Hepliaklqana
Nemelex Xobeh
Okawaru
Qazlal
Sif Muna
Uskayaw
Wu Jian
Xom
Yredelemnul
Zin
Jiyva

Shops:
D:2 (   D:4 *   Orc:2 [([*

Annotations:
D:10 1 runed translucent door
Lair:2 1 runed translucent door, Frank's ghost, journeyman DsFi
Lair:4 Snorg


Innate Abilities, Weirdness & Mutations

You have a pair of horns on your head.
You reflexively headbutt those who attack you in melee.


Message History

The water elemental hits you!
* * * LOW HITPOINT WARNING * * *
The merfolk hits you with a +1 trident of venom!
* * * LOW HITPOINT WARNING * * *
You are more poisoned.
You feel better.
* * * LOW HITPOINT WARNING * * *
Your lungs strain for air!
You block the merfolk's attack. The merfolk misses you.
The water elemental hits you. The merfolk misses you. You furiously retaliate!
You headbutt the merfolk!
You feel much better.
* * * LOW HITPOINT WARNING * * *
Your lungs strain for air!
The merfolk hits you but does no damage.
The merfolk hits you from afar with a +0 trident!!
* * * LOW HITPOINT WARNING * * *
You block the water elemental's attack.
The merfolk hits you with a +1 trident of venom.
* * * LOW HITPOINT WARNING * * *
You feel much better.
* * * LOW HITPOINT WARNING * * *
Your lungs strain for air!
The merfolk barely misses you. You block the merfolk's attack.
The water elemental hits you!
* * * LOW HITPOINT WARNING * * *
The merfolk hits you with a +1 trident of venom!
* * * LOW HITPOINT WARNING * * *
You are lethally poisoned!
You feel better.
* * * LOW HITPOINT WARNING * * *
Your lungs strain for air!
The merfolk hits you but does no damage.
You block the merfolk's attack. The water elemental hits you.
You block the merfolk's attack.
* * * LOW HITPOINT WARNING * * *
Your lungs strain for air!
The merfolk misses you. You block the water elemental's attack.
The merfolk hits you from afar with a +1 trident of venom!
You die...

..~~~.~~~~~~~~ .
~~~..~~~~~~.~~~≈≈≈≈
..≈≈~~~~~~.....~~~≈≈≈
.≈≈≈~~~~...##.~~~~≈≈
#≈≈......##..~~~~~≈
#≈#.........~~~~~≈≈
#≈..P...#...~~~~~~≈≈
#≈..@Em# #..~~~~P≈≈~~
#≈....m###..~~P~P≈≈~~
#≈.P..m..)~~~~~~≈≈P~~
#≈≈........~~~~~P≈≈P~~
≈≈≈~~~~P~~...~~~≈≈≈~~P~
.^~~~~~~~~~~~~~~~~P~~PP~
..P~~~~~~~~~~~~~~~~~~~~~
...~~~~~~~..~~~~~~~~~P..
.~~~~~~~.~~.....)......


You could see 3 merfolk and a water elemental.

Vanquished Creatures
  Saint Roka (Orc:2)
  Rupert (Lair:3)
  A white draconian (IceCv)
  A merfolk impaler (Shoals:1)
  A hydra (Lair:3)
  Harold (D:10)
  A catoblepas (Lair:5)
  6 boulder beetles
  3 orc high priests
  Urug (Lair:2)
  5 death yaks (Lair:1)
  Sonja (Orc:2)
  A fire crab (Lair:4)
  4 skysharks
  A goliath frog (Lair:5)
  A lindwurm (Lair:5)
  2 orc knights
  Pikel (D:4)
  An oklob plant (Lair:3)
  3 manticores (Shoals:1)
  4 fauns (Shoals:1)
  3 orc sorcerers (Orc:2)
  An ugly thing (D:9)
  2 merfolk sirens (Shoals:1)
  3 toenail golems (Volcano)
  A black mamba (Lair:5)
  2 cyclopes
  6 elephants
  A torpor snail (Lair:5)
  3 molten gargoyles (Volcano)
  22 cane toads
  An unseen horror (D:11)
  3 ice statues
  4 komodo dragons
  5 rime drakes
  2 efreet (Volcano)
  2 kobold demonologists
  2 polar bears (Lair:5)
  2 merfolk (Shoals:1)
  3 trolls
  A wind drake (Shoals:1)
  A hornet (D:11)
  A tyrant leech (Lair:5)
  26 blink frogs
  Sigmund (D:3)
  49 yaks
  4 wraiths
  8 wyverns
  2 water elementals (Shoals:1)
  3 fire elementals (Volcano)
  Grum (Lair:1)
  3 fire bats (Lair:2)
  2 steam dragons
  Eustachio (D:5)
  5 vampire mosquitoes (Lair:5)
  2 basilisks (Lair:2)
  3 wargs
  Duvessa (D:4)
  An acid dragon (D:9)
  12 water moccasins
  40 orc warriors
  2 black bears
  2 sky beasts (D:6)
  5 ogres
  3 wolves (D:8)
  A centaur (D:5)
  5 kobold brigands
  A phantom (D:5)
  18 bullfrogs
  A gnoll sergeant (D:10)
  5 scorpions
  Dowan (D:4)
  8 wights
  2 lindwurm simulacra (IceCv)
  17 killer bees
  6 electric eels
  A howler monkey (D:8)
  2 centaur zombies (D:9)
  6 komodo dragon simulacra (IceCv)
  27 orc priests
  2 gnoll boudas
  3 jellies
  Jessica (D:3)
  4 sleepcaps
  5 iguanas
  27 orc wizards
  Robin (D:3)
  7 acid dragon simulacra (IceCv)
  11 gnolls
  5 adders
  2 white imps (D:6)
  An ufetubus (D:5)
  6 steam dragon simulacra (IceCv)
  A worm (D:4)
  4 dart slugs
  104 orcs
  5 bats
  6 endoplasms
  5 giant cockroaches
  7 hobgoblins
  12 kobolds
  3 quokkas
  6 ball pythons
  A frilled lizard (D:1)
  15 goblins
  3 rats
  A spectral goblin (D:1)
  3 fire vortices (Volcano)
640 creatures vanquished.

Vanquished Creatures (collateral kills)
  A hydra (Lair:3)
  A merfolk aquamancer (Shoals:1)
  A death yak (Lair:1)
  A water nymph (Shoals:1)
  2 merfolk (Shoals:1)
  An orc warrior (Orc:2)
  3 orcs (Orc:2)
10 creatures vanquished.

Vanquished Creatures (others)
  A bush (Lair:5)
  2 fire vortices (Volcano)
  28 fungi
  126 plants
157 creatures vanquished.

Grand Total: 807 creatures vanquished

Notes
Turn   | Place    | Note
-------+----------+-------------------------------------------
     0 | D:1      | Gartch the Minotaur Berserker began the quest for the Orb.
     0 | D:1      | Reached XP level 1. HP: 19/19 MP: 0/0
    12 | D:1      | Found a faded altar of an unknown god.
   147 | D:1      | Reached XP level 2. HP: 22/27 MP: 1/1
   561 | D:1      | Reached XP level 3. HP: 33/33 MP: 2/2
   759 | D:2      | Noticed a scorpion
   778 | D:2      | Killed a scorpion
   779 | D:2      | Reached skill level 5 in Axes
   779 | D:2      | Reached XP level 4. HP: 41/41 MP: 3/3
   827 | D:2      | Noticed a scorpion
   846 | D:2      | Killed a scorpion
   847 | D:2      | Reached XP level 5. HP: 47/47 MP: 4/4
   966 | D:2      | Found Toniabi's Antique Weapon Emporium.
  1004 | D:2      | Identified the +6 flail "Concordance" {drain, rN+}
  1261 | D:2      | Reached ** piety under Trog
  1291 | D:3      | Noticed Sigmund
  1345 | D:3      | Noticed Jessica
  1358 | D:3      | Killed Jessica
  1359 | D:3      | Reached skill level 1 in Maces & Flails
  1527 | D:3      | Killed Sigmund
  1528 | D:3      | Reached skill level 5 in Fighting
  1528 | D:3      | Reached skill level 2 in Maces & Flails
  1528 | D:3      | Reached XP level 6. HP: 55/56 MP: 5/5
  1565 | D:3      | Found a white marble altar of Elyvilon.
  1777 | D:3      | Reached skill level 3 in Maces & Flails
  2023 | D:3      | Noticed Robin
  2100 | D:3      | Killed Robin
  2180 | D:4      | Noticed Pikel
  2289 | D:4      | Reached XP level 7. HP: 61/61 MP: 6/6
  2402 | D:4      | Noticed Duvessa
  2411 | D:4      | Noticed Dowan
  2520 | D:4      | Killed Duvessa
  2521 | D:4      | Reached skill level 4 in Maces & Flails
  2781 | D:4      | Found Cuppuhoa's Assorted Antiques.
  2947 | D:4      | Killed Dowan
  3161 | D:4      | Reached skill level 5 in Maces & Flails
  3447 | D:4      | Killed Pikel
  3448 | D:4      | Reached skill level 6 in Maces & Flails
  3448 | D:4      | Reached skill level 5 in Armour
  3448 | D:4      | Reached skill level 5 in Dodging
  3448 | D:4      | Reached XP level 8. HP: 71/71 MP: 7/7
  3825 | D:5      | Entered Level 5 of the Dungeon
  4133 | D:5      | Reached skill level 7 in Maces & Flails
  4194 | D:5      | Reached *** piety under Trog
  4312 | D:5      | Noticed Eustachio
  4324 | D:5      | Killed Eustachio
  4381 | D:5      | Found a glowing silver altar of Zin.
  4382 | D:5      | Found a shimmering blue altar of Sif Muna.
  4382 | D:5      | Found a shimmering altar of Xom.
  4384 | D:5      | Found an iron altar of Okawaru.
  4857 | D:6      | Reached XP level 9. HP: 79/79 MP: 8/8
  4866 | D:6      | Found a stormy altar of Qazlal.
  4871 | D:6      | Reached skill level 8 in Maces & Flails
  5612 | D:7      | Found a staircase to the Ecumenical Temple.
  5692 | D:7      | Reached skill level 9 in Maces & Flails
  6072 | D:7      | Found a sparkling altar of Nemelex Xobeh.
  6443 | D:8      | Reached skill level 10 in Maces & Flails
  6511 | D:8      | Found a staircase to the Lair.
  6520 | Lair:1   | Entered Level 1 of the Lair of Beasts
  6520 | Lair:1   | Noticed Grum
  6535 | D:8      | Reached XP level 10. HP: 77/90 MP: 9/9
  6586 | Lair:1   | Killed Grum
  6986 | Lair:1   | Noticed a cane toad
  6995 | Lair:1   | Killed a cane toad
  7123 | Lair:1   | Reached skill level 11 in Maces & Flails
  7184 | Lair:1   | Noticed an elephant
  7211 | Lair:1   | Killed an elephant
  7264 | Lair:1   | Noticed an elephant
  7264 | Lair:1   | Noticed an elephant
  7264 | Lair:1   | Noticed an elephant
  8241 | D:9      | Noticed a red ugly thing
  8271 | D:9      | Killed a red ugly thing
  8272 | D:9      | Reached skill level 12 in Maces & Flails
  8433 | D:9      | Identified the +1 spear of Malaise {distort, rC+ Will+
                  | Dex-3 Stlth+}
  8622 | D:9      | Reached XP level 11. HP: 99/99 MP: 10/10
  8635 | D:9      | Reached skill level 10 in Fighting
  8966 | D:9      | Found a snail-covered altar of Cheibriados.
  9167 | D:9      | Reached skill level 1 in Evocations
  9352 | D:9      | Reached **** piety under Trog
  9784 | Lair:1   | Found a transporter.
  9784 | Lair:1   | Found a transporter.
  9785 | Lair:1   | Noticed a boulder beetle
  9785 | Lair:1   | Noticed a boulder beetle
  9853 | Lair:1   | Reached skill level 13 in Maces & Flails
 10058 | Lair:1   | Identified the +6 falchion of the Tiger {drain, rF+ rN+++
                  | Dex-2}
 10670 | Lair:1   | Reached skill level 10 in Armour
 10755 | Lair:1   | Identified the +1 leather armour of the Pit {Will+ MP-9
                  | Str+5}
 10912 | Lair:1   | Noticed a death yak
 10912 | Lair:1   | Noticed a death yak
 10912 | Lair:1   | Noticed a death yak
 10912 | Lair:1   | Noticed a death yak
 10913 | Lair:1   | Noticed a death yak
 10913 | Lair:1   | Noticed a death yak
 10976 | Lair:1   | Killed a death yak
 11043 | Lair:1   | Killed a death yak
 11050 | Lair:1   | Killed a death yak
 11051 | Lair:1   | Reached XP level 12. HP: 98/110 MP: 11/11
 11059 | Lair:1   | Killed a death yak
 11060 | Lair:1   | Reached skill level 14 in Maces & Flails
 11067 | Lair:1   | Killed a death yak
 11068 | Lair:1   | Reached skill level 10 in Dodging
 11069 | Lair:1   | Killed a death yak
 11523 | Lair:2   | Found a dark tunnel.
 11540 | Volcano  | Entered a volcano
 12543 | Lair:2   | Found a staircase to the Shoals.
 12682 | Lair:2   | Noticed Urug
 12708 | Lair:2   | Killed Urug
 12896 | Lair:2   | Found a runed translucent door.
 12896 | Lair:2   | Noticed Frank's ghost (journeyman DsFi)
 12912 | Lair:2   | Found a hole to the Spider Nest.
 13470 | Lair:3   | Reached skill level 15 in Maces & Flails
 13517 | Lair:3   | Noticed Rupert
 13535 | Lair:3   | Killed Rupert
 13632 | Lair:3   | Reached skill level 5 in Evocations
 13752 | Lair:3   | Noticed a four-headed hydra
 13778 | Lair:3   | Killed a two-headed hydra
 14034 | Lair:3   | Noticed an eight-headed hydra
 15042 | Lair:4   | Noticed Snorg
 15187 | Lair:4   | Noticed a boulder beetle
 15197 | Lair:4   | Killed a boulder beetle
 15213 | Lair:4   | Reached XP level 13. HP: 118/118 MP: 12/12
 15662 | Lair:4   | Found a viscous altar of Jiyva.
 15662 | Lair:4   | Found a staircase to the Slime Pits.
 15757 | Lair:4   | Found an ornate altar of the Wu Jian Council.
 15757 | Lair:4   | Found a hide-covered altar of Uskayaw.
 16324 | Lair:5   | Entered Level 5 of the Lair of Beasts
 16610 | Lair:5   | Reached skill level 16 in Maces & Flails
 18415 | Lair:5   | Reached skill level 17 in Maces & Flails
 18780 | Lair:5   | Reached XP level 14. HP: 129/129 MP: 13/13
 19742 | D:4      | Bought 2 scrolls of teleportation for 132 gold pieces
 19742 | D:4      | Bought a scroll of identify for 44 gold pieces
 20044 | Lair:1   | Identified the ring "Qocvut" {Wiz Str+2 Int+3 Dex+2 Slay+5}
 20208 | D:9      | Found a basalt altar of Yredelemnul.
 20271 | D:9      | Identified the +4 broad axe of the Everdark {distort, rF++}
 20364 | D:10     | Entered Level 10 of the Dungeon
 20488 | D:10     | Reached ***** piety under Trog
 20658 | D:10     | Found a runed translucent door.
 20989 | D:10     | Noticed Harold
 21006 | D:10     | Killed Harold
 21290 | D:10     | Found a hazy altar of Hepliaklqana.
 21413 | D:11     | Identified the +6 war axe "Fab Laet" {drain, rC+ Int+2}
 21459 | D:11     | Found a frozen archway.
 21500 | IceCv    | Entered an ice cave
 21645 | IceCv    | Received a gift from Trog
 22032 | IceCv    | Identified the ring "Tys Meul" {*Corrode rPois Will+ Str+4
                  | Int+3}
 22543 | D:11     | Identified the +0 leather armour of Koemifiq {Rampage +Inv
                  | rElec rC+}
 22761 | D:11     | Found a staircase to the Orcish Mines.
 23253 | Orc:1    | Entered Level 1 of the Orcish Mines
 23549 | Orc:2    | Entered Level 2 of the Orcish Mines
 23627 | Orc:2    | Reached skill level 18 in Maces & Flails
 23741 | Orc:2    | Found a staircase to the Elven Halls.
 24131 | Orc:2    | Found Yfot's Assorted Antiques.
 24141 | Orc:2    | Bought a scroll of identify for 66 gold pieces
 24234 | Orc:2    | Received a gift from Trog
 24472 | Orc:2    | Noticed Sonja
 24505 | Orc:2    | Killed Sonja
 24748 | Orc:2    | Found a shimmering altar of Xom.
 24815 | Orc:2    | Found Puemn's Antique Armour Shop.
 25033 | Orc:2    | Noticed Saint Roka
 25059 | Orc:2    | Killed Saint Roka
 25218 | Orc:2    | Found Tureshuj's Antique Weapon Shop.
 25220 | Orc:2    | Found Ofewnek's Antique Armour Boutique.
 25505 | Orc:1    | Received a gift from Trog
 25892 | Shoals:1 | Entered Level 1 of the Shoals
 25927 | Shoals:1 | Reached XP level 15. HP: 69/138 MP: 14/14
 26319 | Shoals:1 | Identified the +4 hand axe of Xom's Castigation {drain,
                  | Drain Fly rElec Int+4 Dex+3}
 26346 | Shoals:1 | HP: 5/139 [drowned by a water elemental (8)]
 26346 | Shoals:1 | Slain by a merfolk

Illustrated notes

Levels and vault maps discovered:
D:1:      saegor_arrival_simple_b, layout_rooms,
          dreamdust_ecumenical_altar_drowned_temple
D:2:      layout_rooms, serial_shops, shop
D:3:      layout_basic, elyvilon_altar_3, chequers_avenue, uniq_robin,
          uniq_sigmund, uniq_jessica
D:4:      layout_layer_cave, serial_shops, nicolae_shop_window_shopping,
          minmay_quadrilaterals, uniq_duvessa, uniq_pikel
D:5:      layout_basic, chequers_temple_overflow_statue_of_worship,
          uniq_eustachio
D:6:      layout_rooms, kennysheep_mini_moat, serial_bayou_pond_a
D:7:      layout_rooms, nemelex_dance_club_becter,
          minmay_temple_entry_water_ring
D:8:      layout_basic, lair_entry_dummy
D:9:      layout_stronghold, mainiacjoe_overflow_cross_hatched,
          lemuel_zombie_altar_yredelemnul, minivault_15
D:10:     layout_irregular_city, nzn_hepliaklqana_mist_gate, minmay_st_funbox,
          uniq_harold
D:11:     layout_basic, david_orc_5, portal_ice_cave_entry_pillars_2,
          nicolae_figureground_pulse
Lair:1:   gammafunk_boulding_lane, layout_cellular_growth, grunt_megastairs_2,
          uniq_grum
Lair:2:   layout_regular_city, shoals_dummy_entry, spider_nest_entry_web_field,
          nicolae_volcano_entry_batcave, gammafunk_ghost_grave, uniq_urug
Lair:3:   layout_cave_pods, serial_bayou, serial_bayou_lake_a,
          serial_bayou_crossing, serial_bayou_ford_a, serial_bayou_pond_e,
          chequers_serial_rivers_micro_b, serial_bayou_pond_b,
          nicolae_lair_grove_arrangements, nicolae_lair_lil_pond,
          minmay_lair_oklob_items, uniq_rupert
Lair:4:   layout_misc_corridors, slime_entry_1, nzn_masters_of_martial_movement,
          uniq_snorg
Lair:5:   minmay_lair_end_frog_pond, layout_layer_cave
Shoals:1: layout_shoals, nicolae_shoals_mertower
Orc:1:    layout_caves, basic_altar
Orc:2:    grunt_orc_community_town_hall, layout_caves,
          grunt_orc_community_big_house_1, grunt_orc_community_big_house_1,
          grunt_orc_community_house_1, grunt_orc_community_house_2,
          grunt_orc_community_house_2, grunt_orc_community_house_3, basic_altar,
          uniq_saint_roka, uniq_sonja

Skill      XL: |  1  2  3  4  5  6  7  8  9 10 11 12 13 14 |
---------------+-------------------------------------------+-----
Axes           | 4 5 |  5.6
Fighting       | 4 5 6 7 8 9 11 12 13 14 | 14.3
Dodging        | 3 4 5 6 7 8 9 10 11 13 | 13.1
Maces & Flails | 2 3 6 7 10 12 13 15 17 18 | 18.4
Armour         | 3 5 6 7 9 10 11 12 13 | 13.9
Evocations     | 3 5 6 8 |  8.2

Action                     |  1- 3 |  4- 6 |  7- 9 | 10-12 | 13-15 || total
---------------------------+-------+-------+-------+-------+-------++-------
  Melee: Hand axe          |    50 |     9 |       |       |       ||    59
         Headbutt          |    10 |     7 |    30 |   118 |   218 ||   383
         Punch             |     1 |       |       |       |     3 ||     4
         Flail             |       |    64 |   194 |   455 |   919 ||  1632
         Glaive            |       |       |       |     2 |     2 ||     4
   Fire: Shortbow          |       |       |    13 |       |       ||    13
 Invoke: Berserk           |     1 |     2 |     5 |    17 |     5 ||    30
         Trog's Hand       |       |     1 |     1 |     5 |     3 ||    10
         Brothers in Arms  |       |       |       |     1 |     4 ||     5
  Evoke: Wand              |       |       |       |     4 |     2 ||     6
    Use: Scroll            |     1 |     1 |     2 |    10 |     6 ||    20
         Potion            |       |       |       |     1 |    12 ||    13
 Armour: Animal skin       |     4 |       |       |       |       ||     4
         Ring mail         |       |    13 |     2 |    67 |   170 ||   252
         Leather armour    |       |     2 |    12 |    19 |       ||    33
         Chain mail        |       |       |    57 |       |       ||    57
  Dodge: Dodged            |    24 |    35 |   100 |   190 |   330 ||   679
  Block: Buckler           |       |       |    13 |    27 |   110 ||   150
         Reflection        |       |       |       |       |    17 ||    17
